TOP OF THE 1ST |
Logan Swans batting - Pitching for Rancho Cucamonga Sick Monkeys : RHP Ben Larsen
|
Pitching: RHP Ben Larsen
|
|
Batting: SHB Ed Dundee
|
0-0: SINGLE (Line Drive, 89S)
|
Batting: LHB Merrill Erickson
|
0-0: Ball 1-0: Ball 2-0: SINGLE (Groundball, 3) (infield hit) Ed Dundee to second
|
Pinch Runner at 1st Randall Luna:
|
|
Batting: RHB Nick Crosby
|
0-0: Called Strike 0-1: Swinging Strike 0-2: Strikes out swinging
|
Batting: RHB Nick Vogel
|
0-0: Ball 1-0: Called Strike 1-1: Foul Ball, location: 2F 1-2: Foul Ball, location: 2F 1-2: Fly out, F8 (Flyball, 8RM)
|
Batting: RHB Carlos Jiménez
|
0-0: Ground out 4-3 (Groundball, 4S)
|
Top of the 1st over - 0 run(s), 2 hit(s), 0 error(s), 2 left on base; Logan 0 - Rancho Cucamonga 0 |
BOTTOM OF THE 1ST |
Rancho Cucamonga Sick Monkeys batting - Pitching for Logan Swans : LHP Juan Parrot
|
Pitching: LHP Juan Parrot
|
|
Now in LF: Randall Luna
|
|
Batting: SHB Jorge Maldonado
|
0-0: Ball 1-0: Called Strike 1-1: Ground out U3 (Groundball, 3)
|
Batting: LHB Paco Córdova
|
0-0: Called Strike 0-1: Foul Ball, location: 2F 0-2: Ball 1-2: Ball 2-2: Fly out, F7 (Flyball, 78D)
|
Batting: RHB Orlando González
|
0-0: Ball 1-0: Ball 2-0: Called Strike 2-1: Ball 3-1: Base on Balls
|
Batting: LHB Paul Holcomb
|
0-0: Called Strike 0-1: Ball 1-1: Ball 2-1: Foul Ball, location: 2F 2-2: Ball 3-2: Foul Ball, location: 2F 3-2: Foul Ball, location: 2F 3-2: Foul Ball, location: 2F 3-2: Ground out 4-3 (Groundball, 4)
|
Bottom of the 1st over - 0 run(s), 0 hit(s), 0 error(s), 1 left on base; Logan 0 - Rancho Cucamonga 0 |
TOP OF THE 2ND |
Logan Swans batting - Pitching for Rancho Cucamonga Sick Monkeys : RHP Ben Larsen
|
Batting: LHB Roberto Herrera
|
0-0: Swinging Strike 0-1: Ball 1-1: Swinging Strike 1-2: Strikes out swinging
|
Batting: RHB Lawrence Ware
|
0-0: Foul Ball, location: 2F 0-1: Ball 1-1: Foul Ball, location: 2F 1-2: Foul Ball, location: 2F 1-2: Ball 2-2: Strikes out looking
|
Batting: RHB Eric Patrick
|
0-0: Called Strike 0-1: Called Strike 0-2: Ball 1-2: Ball 2-2: Strikes out looking
|
Top of the 2nd over - 0 run(s), 0 hit(s), 0 error(s), 0 left on base; Logan 0 - Rancho Cucamonga 0 |
BOTTOM OF THE 2ND |
Rancho Cucamonga Sick Monkeys batting - Pitching for Logan Swans : LHP Juan Parrot
|
Batting: LHB Ed Ballard
|
0-0: Foul Ball, location: 2F 0-1: Ball 1-1: Ground out U3 (Groundball, 34)
|
Batting: RHB Roberto Quiñones
|
0-0: Ball 1-0: Swinging Strike 1-1: Called Strike 1-2: Foul Ball, location: 2F 1-2: Ground out 5-3 (Groundball, 56S)
|
Batting: RHB Francis Land
|
0-0: Ball 1-0: Ball 2-0: SINGLE (Flyball, 9S)
|
Batting: RHB Jeremy Davis
|
0-0: Ball 1-0: Ball 2-0: Ball 3-0: Called Strike 3-1: Base on Balls Francis Land to second
|
Batting: SHB Keith Hale
|
0-0: Ball 1-0: Swinging Strike 1-1: Swinging Strike 1-2: Foul Ball, location: 2F 1-2: Strikes out swinging
|
Bottom of the 2nd over - 0 run(s), 1 hit(s), 0 error(s), 2 left on base; Logan 0 - Rancho Cucamonga 0 |
TOP OF THE 3RD |
Logan Swans batting - Pitching for Rancho Cucamonga Sick Monkeys : RHP Ben Larsen
|
Batting: RHB Eliot James
|
0-0: Ball 1-0: Ball 2-0: Foul Ball, location: 2F 2-1: Ball 3-1: Called Strike 3-2: Foul Ball, location: 2F 3-2: Foul Ball, location: 2F 3-2: Base on Balls
|
Batting: SHB Ed Dundee
|
0-0: Foul Ball, location: 2F 0-1: Ball 1-1: Ball 2-1: SINGLE (Flyball, 9S) Eliot James to second
|
Batting: RHB Randall Luna
|
0-0: Ball 1-0: Called Strike 1-1: Fly out, F7 (Flyball, 78D)
|
Batting: RHB Nick Crosby
|
0-0: Ball 1-0: Foul Ball, location: 2F 1-1: Ball 2-1: Swinging Strike 2-2: Fly out, F9 (Line Drive, 9)
|
Batting: RHB Nick Vogel
|
0-0: Ball 1-0: Called Strike 1-1: Ball 2-1: Foul Ball, location: 2F 2-2: Foul Ball, location: 2F 2-2: Ball 3-2: Fly out, F8 (Flyball, 8RD)
|
Top of the 3rd over - 0 run(s), 1 hit(s), 0 error(s), 2 left on base; Logan 0 - Rancho Cucamonga 0 |
BOTTOM OF THE 3RD |
Rancho Cucamonga Sick Monkeys batting - Pitching for Logan Swans : LHP Juan Parrot
|
Batting: SHB Jorge Maldonado
|
0-0: Swinging Strike 0-1: SINGLE (Line Drive, 89S)
|
Batting: LHB Paco Córdova
|
0-0: Ball Jorge Maldonado is caught stealing 2nd base 1-0: Ground out 4-3 (Groundball, 4)
|
Batting: RHB Orlando González
|
0-0: Ball 1-0: Foul Ball, location: 2F 1-1: SINGLE (Groundball, 34D)
|
Batting: LHB Paul Holcomb
|
0-0: Foul Ball, location: 2F 0-1: Swinging Strike 0-2: Ground out 4-3 (Groundball, 34)
|
Bottom of the 3rd over - 0 run(s), 2 hit(s), 0 error(s), 1 left on base; Logan 0 - Rancho Cucamonga 0 |
TOP OF THE 4TH |
Logan Swans batting - Pitching for Rancho Cucamonga Sick Monkeys : RHP Ben Larsen
|
Batting: RHB Carlos Jiménez
|
0-0: Ball 1-0: Called Strike 1-1: Foul Ball, location: 2F 1-2: Ground out 4-3 (Groundball, 4)
|
Batting: LHB Roberto Herrera
|
0-0: Foul Ball, location: 2F 0-1: Fly out, F7 (Line Drive, 7S)
|
Batting: RHB Lawrence Ware
|
0-0: Ball 1-0: Called Strike 1-1: Ground out 6-3 (Groundball, 6)
|
Top of the 4th over - 0 run(s), 0 hit(s), 0 error(s), 0 left on base; Logan 0 - Rancho Cucamonga 0 |
BOTTOM OF THE 4TH |
Rancho Cucamonga Sick Monkeys batting - Pitching for Logan Swans : LHP Juan Parrot
|
Batting: LHB Ed Ballard
|
0-0: Fly out, F8 (Flyball, 8RM)
|
Batting: RHB Roberto Quiñones
|
0-0: Ball 1-0: Called Strike 1-1: Called Strike 1-2: Ground out 4-3 (Groundball, 4)
|
Batting: RHB Francis Land
|
0-0: Ball 1-0: Fly out, F9 (Flyball, 9)
|
Bottom of the 4th over - 0 run(s), 0 hit(s), 0 error(s), 0 left on base; Logan 0 - Rancho Cucamonga 0 |
TOP OF THE 5TH |
Logan Swans batting - Pitching for Rancho Cucamonga Sick Monkeys : RHP Ben Larsen
|
Batting: RHB Eric Patrick
|
0-0: Foul Ball, location: 2F 0-1: Ball 1-1: Foul Ball, location: 2F 1-2: Ball 2-2: Strikes out swinging
|
Batting: RHB Eliot James
|
0-0: Called Strike 0-1: Ground out 4-3 (Groundball, 34)
|
Batting: SHB Ed Dundee
|
0-0: Foul Ball, location: 2F 0-1: Swinging Strike 0-2: Ground out 3-1 (Groundball, 34)
|
Top of the 5th over - 0 run(s), 0 hit(s), 0 error(s), 0 left on base; Logan 0 - Rancho Cucamonga 0 |
BOTTOM OF THE 5TH |
Rancho Cucamonga Sick Monkeys batting - Pitching for Logan Swans : LHP Juan Parrot
|
Batting: RHB Jeremy Davis
|
0-0: Called Strike 0-1: Ball 1-1: Swinging Strike 1-2: Ball 2-2: Foul Ball, location: 2F 2-2: SINGLE (Groundball, 6MD)
|
Batting: SHB Keith Hale
|
0-0: Grounds into double play, 4-6-3 (Groundball, 34)
|
Batting: SHB Jorge Maldonado
|
0-0: Swinging Strike 0-1: Ball 1-1: Foul Ball, location: 2F 1-2: Ball 2-2: Fly out, F8 (Flyball, 78S)
|
Bottom of the 5th over - 0 run(s), 1 hit(s), 0 error(s), 0 left on base; Logan 0 - Rancho Cucamonga 0 |
TOP OF THE 6TH |
Logan Swans batting - Pitching for Rancho Cucamonga Sick Monkeys : RHP Ben Larsen
|
Batting: RHB Randall Luna
|
0-0: Ball 1-0: Ball 2-0: Ball 3-0: Called Strike 3-1: Base on Balls
|
Batting: RHB Nick Crosby
|
0-0: Ball 1-0: Fly out, F7 (Flyball, 7)
|
Pitching: RHP Gerald Dunham
|
|
Batting: RHB Nick Vogel
|
0-0: Called Strike 0-1: Swinging Strike 0-2: Ball 1-2: Foul Ball, location: 2F 1-2: Strikes out swinging
|
Batting: RHB Carlos Jiménez
|
0-0: Called Strike 0-1: Ball Wild Pitch! Randall Luna to second 1-1: Intentional Walk
|
Batting: LHB Roberto Herrera
|
0-0: Ball 1-0: Ball 2-0: Ball 3-0: Base on Balls Randall Luna to third Carlos Jiménez to second
|
Batting: RHB Lawrence Ware
|
0-0: Called Strike 0-1: Foul Ball, location: 2F 0-2: Ball 1-2: Strikes out swinging
|
Top of the 6th over - 0 run(s), 0 hit(s), 0 error(s), 3 left on base; Logan 0 - Rancho Cucamonga 0 |
BOTTOM OF THE 6TH |
Rancho Cucamonga Sick Monkeys batting - Pitching for Logan Swans : LHP Juan Parrot
|
Batting: LHB Paco Córdova
|
0-0: Fly out, F8 (Flyball, 8RM)
|
Batting: RHB Orlando González
|
0-0: Called Strike 0-1: Ball 1-1: Ball 2-1: Foul Ball, location: 2F 2-2: Ball 3-2: Ground out 6-3 (Groundball, 6)
|
Batting: LHB Paul Holcomb
|
0-0: Called Strike 0-1: Foul Ball, location: 2F 0-2: Ball 1-2: Ball 2-2: Foul Ball, location: 2F 2-2: Strikes out looking
|
Bottom of the 6th over - 0 run(s), 0 hit(s), 0 error(s), 0 left on base; Logan 0 - Rancho Cucamonga 0 |
TOP OF THE 7TH |
Logan Swans batting - Pitching for Rancho Cucamonga Sick Monkeys : RHP Gerald Dunham
|
Pinch Hitting: RHB David Ward
|
0-0: Foul Ball, location: 2F 0-1: Ball 1-1: Ground out 5-3 (Groundball, 56)
|
Batting: RHB Eliot James
|
0-0: Ball 1-0: Ball 2-0: Fly out, F4 (Line Drive, 4M)
|
Pinch Hitting: LHB José Diharce
|
0-0: Ground out 5-3 (Groundball, 56)
|
Top of the 7th over - 0 run(s), 0 hit(s), 0 error(s), 0 left on base; Logan 0 - Rancho Cucamonga 0 |
BOTTOM OF THE 7TH |
Rancho Cucamonga Sick Monkeys batting - Pitching for Logan Swans : LHP Juan Parrot
|
Pitching: LHP Homer Bryan
|
|
Now in CF: Joe Sulley
|
|
Now in RF: David Ward
|
|
Pinch Hitting: LHB Carl Hayden
|
0-0: Foul Ball, location: 2F 0-1: Ball 1-1: Ball 2-1: Ground out U3 (Groundball, 34)
|
Batting: RHB Roberto Quiñones
|
0-0: Ground out U3 (Groundball, 34)
|
Batting: RHB Francis Land
|
0-0: Swinging Strike 0-1: Ball 1-1: Foul Ball, location: 2F 1-2: Strikes out swinging
|
Bottom of the 7th over - 0 run(s), 0 hit(s), 0 error(s), 0 left on base; Logan 0 - Rancho Cucamonga 0 |
TOP OF THE 8TH |
Logan Swans batting - Pitching for Rancho Cucamonga Sick Monkeys : RHP Gerald Dunham
|
Now in CF: Sam Fuller
|
|
Batting: RHB Randall Luna
|
0-0: Swinging Strike 0-1: Ball 1-1: Called Strike 1-2: Strikes out swinging
|
Batting: RHB Nick Crosby
|
0-0: Ball 1-0: Called Strike 1-1: Foul Ball, location: 2F 1-2: Strikes out looking
|
Batting: RHB Nick Vogel
|
0-0: Called Strike 0-1: Called Strike 0-2: Ball 1-2: Strikes out swinging
|
Top of the 8th over - 0 run(s), 0 hit(s), 0 error(s), 0 left on base; Logan 0 - Rancho Cucamonga 0 |
BOTTOM OF THE 8TH |
Rancho Cucamonga Sick Monkeys batting - Pitching for Logan Swans : LHP Homer Bryan
|
Batting: RHB Jeremy Davis
|
0-0: Ball 1-0: Called Strike 1-1: Ground out 1-3 (Groundball, 13S)
|
Pinch Hitting: LHB Oliver Cruz
|
0-0: Ball 1-0: Ball 2-0: Ball 3-0: Called Strike 3-1: Base on Balls
|
Pinch Runner at 1st Ed Jackson:
|
|
Batting: SHB Jorge Maldonado
|
0-0: Ball 1-0: Ball 2-0: SINGLE (Groundball, 4MD) Ed Jackson to second Runner from 2nd tries for 3rd, SAFE, no throw
|
Batting: LHB Paco Córdova
|
0-0: Ball Jorge Maldonado steals 2nd base 1-0: Ball 2-0: Called Strike 2-1: Fly out, F8 (Flyball, 89M) Runner from 3rd tags up, SCORES, no throw
|
Batting: RHB Orlando González
|
0-0: Foul Ball, location: 2F 0-1: Fly out, F9 (Flyball, 9)
|
Bottom of the 8th over - 1 run(s), 1 hit(s), 0 error(s), 1 left on base; Logan 0 - Rancho Cucamonga 1 |
TOP OF THE 9TH |
Logan Swans batting - Pitching for Rancho Cucamonga Sick Monkeys : RHP Gerald Dunham
|
Pitching: LHP Armando Alvarado
|
|
Now at 2B: Ed Jackson
|
|
Batting: RHB Carlos Jiménez
|
0-0: Called Strike 0-1: Ball 1-1: Ball 2-1: Ball 3-1: Base on Balls
|
Pinch Runner at 1st Cipriano Quintero:
|
|
Batting: LHB Roberto Herrera
|
|
Pinch Hitting: RHB Adrián Barrera
|
0-0: Called Strike 0-1: Foul Ball, location: 2F 0-2: Ball 1-2: Foul Ball, location: 2F 1-2: Ball 2-2: Strikes out looking
|
Batting: RHB Lawrence Ware
|
0-0: Ball 1-0: Grounds into double play, 6-4-3 (Groundball, 6)
|
Top of the 9th over - 0 run(s), 0 hit(s), 0 error(s), 0 left on base; Logan 0 - Rancho Cucamonga 1 |
|